Map: Eternal Empire LE

Players

ViBE - Winner!

  • Race: Terran Terran
  • League: Master
  • Spawn Location: 1:00

DeViOuS

  • Race: Terran Terran
  • League: Diamond
  • Spawn Location: 7:00

VOD

Have the link to the VOD?

Description

Time

  • Played on: Dec. 26, 2019, 6:27 p.m.
  • Length: 5:35
Show
View Real Time Build Order
Export as new Build Order

ViBE Terran - Winner!

Build Orders: Reaper Expand 

Get SALT Encoding   

  12  0:00  SCV  
  13  0:12  SCV  
  14  0:17  Supply Depot  
  14  0:25  SCV  
  15  0:39  SCV  
  15  0:40  Barracks  
  16  0:44  Refinery  
  16  0:51  SCV  
  17  1:03  SCV  
  18  1:15  SCV  
  19  1:28  Reaper  
  19  1:29  Orbital Command  
  20  1:45  Command Center  
  20  1:57  Supply Depot  
  20  2:03  Marine, Bunker  
  21  2:20  Bunker  
  21  2:22  Reaper  
  20  2:40  SCV  
  21  2:55  Reaper  
  22  3:08  SCV, Bunker  
  22  3:11  Factory  
  23  3:20  SCV  
  23  3:25  Refinery  
  24  3:28  Reaper  
  24  3:32  SCV  
  25  3:43  SCV  
  25  3:44  SCV  
  28  3:56  SCV  
  28  3:58  Orbital Command  
  28  4:00  Factory Tech Lab  
  28  4:01  Starport  
  28  4:03  Marine  
  28  4:08  SCV  
  30  4:20  SCV  
  31  4:31  SCV  
  32  4:32  SCV  
  33  4:41  Supply Depot x2  
  33  4:43  SCV  
  33  4:44  Siege Tank  
  33  4:45  SCV  
  36  4:49  Marine  
  35  4:55  SCV  
  35  4:57  SCV  
  36  5:05  Viking  
  38  5:07  SCV  
  39  5:15  SCV  
  39  5:19  SCV  
Show
View Real Time Build Order
Export as new Build Order

DeViOuS Terran 

Build Orders:  

Get SALT Encoding   

  12  0:00  SCV  
  13  0:16  Supply Depot  
  13  0:42  Barracks  
  13  0:46  Barracks  
  13  0:54  Refinery  
  13  1:01  Refinery  
  13  1:11  SCV  
  14  1:23  SCV  
  15  1:32  Reaper  
  16  1:38  SCV  
  17  1:41  Reaper  
  18  1:57  SCV  
  19  2:04  Reaper  
  20  2:09  SCV  
  20  2:10  Supply Depot  
  20  2:13  Reaper  
  21  2:45  Reaper x2  
  22  2:55  Orbital Command  
  21  3:17  Reaper x2  
  20  3:44  SCV  
  21  3:49  Factory, Reaper x2  
  23  3:57  SCV  
  23  3:59  Supply Depot  
  24  4:09  SCV  
  23  4:21  SCV, Reaper x2  
  20  4:33  SCV  
  6  5:01  Reaper  
  6  5:02  Reaper  
Tags
 
Add a new tag
Caveats
  • Supply blocks, unpowered buildings, or Contaminate may cause inaccurate times.
  • Supply counts are checked every 10 seconds.